Map: New Repugnancy LE

Players

Crushmanolik

  • Race: Protoss Protoss
  • Spawn Location: 7:00

Mesrob - Winner!

  • Race: Terran Terran
  • League: Platinum
  • Spawn Location: 1:00

VOD

Have the link to the VOD?

Description

Time

  • Played on: Jan. 24, 2019, 1:01 a.m.
  • Length: 10:00
Show
View Real Time Build Order
Export as new Build Order

Crushmanolik Protoss 

Build Orders:  

Get SALT Encoding   

  12  0:00  Probe  
  13  0:08  Probe  
  14  0:22  Pylon  
  14  0:42  Gateway  
  14  0:49  Pylon  
  14  0:53  Probe  
  15  0:58  Assimilator  
  15  1:05  Probe  
  16  1:14  Probe  
  17  1:22  Probe  
  17  1:32  Cybernetics Core  
  18  1:45  Gateway  
  18  1:50  Gateway  
  18  1:59  Stalker  
  18  2:00  Assimilator  
  18  2:02  Probe  
  21  2:29  Warp Gate  
  21  2:36  Stalker  
  23  2:56  Nexus  
  23  2:58  Stalker  
  25  3:07  Forge  
  25  3:12  Pylon  
  25  3:17  Probe  
  25  3:25  Stalker  
  25  3:26  Probe  
  29  3:36  Probe  
  30  3:48  Probe  
  31  3:52  Photon Cannon  
  31  3:54  Photon Cannon  
  31  3:58  Probe  
  34  4:06  Probe x2  
  34  4:15  Probe  
  36  4:20  Stalker  
  36  4:21  Stalker  
  39  4:28  Protoss Ground Weapons Level 1  
  39  4:31  Shield Battery  
  39  4:36  Stalker  
  41  4:40  Pylon  
  41  4:47  Twilight Council  
  41  5:04  Probe  
  42  5:11  Stalker  
  44  5:15  Blink  
  44  5:16  Stalker, Probe  
  47  5:26  Pylon  
  48  5:28  Probe  
  48  5:40  Probe  
  48  5:41  Stalker x2  
  53  5:59  Stalker  
  55  6:09  Stalker x2  
  59  6:38  Probe  
  60  6:47  Probe  
  60  6:50  Protoss Ground Armor Level 1  
  60  6:51  Dark Shrine  
  61  6:54  Assimilator  
  61  6:55  Assimilator  
  61  6:56  Pylon, Probe  
  61  6:57  Zealot x3  
  68  7:05  Probe  
  69  7:13  Charge  
  69  7:17  Probe  
  70  7:26  Probe  
  71  7:31  Robotics Facility, Nexus  
  71  7:34  Pylon, Probe  
  71  7:43  Probe  
  73  7:55  Probe  
  74  8:05  Dark Templar x2  
  78  8:07  Nexus  
  78  8:17  Pylon  
  78  8:18  Pylon  
  78  8:20  Pylon  
  78  8:24  Pylon  
  78  8:31  Probe  
  78  8:35  Observer  
  78  8:39  Probe  
  70  8:50  Dark Templar x3  
  70  8:51  Probe  
  65  8:57  Immortal  
  30  9:25  Dark Templar x2  
Show
View Real Time Build Order
Export as new Build Order

Mesrob Terran - Winner!

Build Orders: 2 Factory, Reaper Expand 

Get SALT Encoding   

  12  0:00  SCV  
  13  0:13  SCV  
  14  0:19  Supply Depot  
  14  0:25  SCV  
  15  0:40  SCV  
  15  0:41  Barracks  
  16  0:47  Refinery  
  16  0:52  SCV  
  17  1:04  SCV  
  18  1:16  SCV  
  19  1:31  Orbital Command  
  19  1:41  Reaper  
  20  1:52  Command Center  
  20  1:58  SCV  
  21  2:16  Refinery  
  21  2:22  Factory  
  21  2:41  SCV  
  21  2:43  Barracks Tech Lab  
  22  2:53  SCV  
  23  3:03  Supply Depot  
  23  3:05  SCV  
  24  3:09  Orbital Command  
  24  3:17  SCV  
  25  3:26  Supply Depot  
  25  3:27  Factory  
  25  3:28  Barracks Reactor  
  25  3:29  SCV  
  26  3:38  SCV  
  26  3:40  Cyclone  
  30  3:41  SCV  
  31  3:49  Supply Depot  
  31  3:51  SCV  
  31  3:53  SCV  
  33  4:03  SCV  
  33  4:05  SCV  
  35  4:12  Supply Depot  
  35  4:17  Factory, SCV  
  35  4:23  Cyclone  
  39  4:25  Hellion x2  
  39  4:29  Armory  
  43  4:37  Refinery, Supply Depot, SCV  
  43  4:38  SCV  
  45  4:45  Barracks Tech Lab  
  45  4:49  Hellion x2, SCV  
  45  4:50  SCV  
  51  4:55  Cyclone  
  54  5:01  SCV  
  54  5:02  Engineering Bay  
  54  5:05  Supply Depot  
  55  5:11  Barracks Reactor  
  55  5:12  Factory  
  55  5:19  Hellion x2  
  59  5:24  SCV  
  60  5:30  Command Center  
  60  5:33  Refinery  
  60  5:36  Cyclone  
  60  5:39  Cyclone  
  60  5:42  Hellion x2  
  70  5:55  SCV  
  70  5:56  SCV  
  72  6:02  Supply Depot  
  72  6:07  SCV  
  72  6:09  Cyclone  
  72  6:11  Hellion x3  
  82  6:14  Hellion  
  84  6:19  SCV  
  84  6:21  Supply Depot  
  84  6:24  Supply Depot  
  79  6:31  Cyclone  
  82  6:34  Hellion x2  
  82  6:35  Hellion  
  88  6:49  SCV  
  88  6:50  Planetary Fortress  
  88  6:53  SCV  
  90  7:01  Refinery, SCV  
  90  7:05  SCV  
  90  7:06  Cyclone x2  
  90  7:08  Hellbat  
  100  7:10  Hellion  
  100  7:13  Hellion, SCV  
  105  7:17  SCV  
  106  7:27  Refinery  
  106  7:35  Hellbat x4  
  106  7:36  Sensor Tower  
  114  7:38  Cyclone  
  114  7:39  Cyclone  
  120  7:48  Supply Depot  
  118  8:01  Hellbat x3  
  124  8:10  Hellbat  
  124  8:12  Supply Depot  
  126  8:15  Supply Depot  
  126  8:22  Cyclone x2  
  132  8:36  Supply Depot  
  132  8:37  Supply Depot  
  116  8:57  Cyclone x2  
  116  8:58  Hellbat x3  
  116  8:59  Supply Depot  
  120  9:05  Supply Depot  
  107  9:13  Hellbat  
  107  9:19  Hellbat x2  
  109  9:28  Supply Depot  
  113  9:32  Hellbat  
  113  9:35  Hellbat  
  113  9:36  SCV x3  
Tags
 
Add a new tag
Caveats
  • Supply blocks, unpowered buildings, or Contaminate may cause inaccurate times.
  • Supply counts are checked every 10 seconds.